 Dungeon Crawl Stone Soup version 0.31.0-12-g77e489cdc1 (webtiles) character file.

Game seed: 3184255824404554614

841 mooncake the Poker (level 7, 0/91 HPs)
             Began as a Minotaur Berserker on Mar 6, 2024.
             Was a Believer of Trog.
             Slain by an iguana (2 damage)
             ... on level 5 of the Dungeon.
             The game lasted 00:13:12 (4309 turns).

mooncake the Poker (Minotaur Berserker)             Turns: 4309, Time: 00:13:14

Health: 0/91       AC:  0    Str: 23    XL:     7   Next: 67%
Magic:  6/6        EV: 13    Int:  4    God:    Trog [**....]
Gold:   127        SH:  0    Dex: 10    Spells: 6/6 levels left

rFire   . . .        d - +0 spear
rCold   . . .        (no shield)
rNeg    + . .        (no body armour)
rPois   .            (helmet restricted)
rElec   .            (no cloak)
rCorr   .            (no gloves)
SInv    .            (no boots)
Will    ++...        (no amulet) Stlth
                     g - ring of positive energy
HPRegen 1.35/turn    (no ring)
MPRegen 0.10/turn

%: no passive effects
@: berserking, strong-willed, regenerating, very quick
A: horns 2, retaliatory headbutt
a: Renounce Religion, Berserk, Trog's Hand


You were on level 5 of the Dungeon.
You worshipped Trog.
Trog was pleased with you.
You visited 1 branch of the dungeon, and saw 5 of its levels.

You collected 127 gold pieces.

Inventory:

Hand Weapons
 a - a +0 falchion
 c - a +0 sling
 d - a +0 spear (weapon)
 v - a +2 whip of freezing
Missiles
 w - 5 javelins (quivered)
 x - 6 poisoned darts
Armour
 b - a +0 animal skin
 o - a +1 leather armour of willpower
Jewellery
 g - a ring of positive energy (left hand)
 u - a ring of poison resistance
 y - a ring of fire
Scrolls
 e - a scroll of fog {unknown}
 f - 3 scrolls of identify {unknown}
 h - a scroll of enchant weapon {unknown}
 i - 2 scrolls of blinking {unknown}
 k - a scroll of immolation {unknown}
 m - a scroll of teleportation {unknown}
 n - a scroll of silence {unknown}
 q - a scroll of vulnerability {unknown}
 s - a scroll of fear {unknown}
 z - a scroll of noise {unknown}
Potions
 j - a potion of cancellation {unknown}
 l - a potion of berserk rage {unknown}
 p - 3 potions of curing {unknown}
 r - a potion of haste {unknown}
 t - a potion of attraction {unknown}


   Skills:
 + Level 5.3 Fighting
 - Level 4.2 Long Blades
 * Level 5.9(6.3) Polearms
 * Level 3.2(5.0) Staves
 * Level 4.4 Armour
 + Level 4.7 Dodging


You had 6 spell levels left.
You didn't know any spells.
Your spell library was empty.

Dungeon Overview and Level Annotations

Branches:
Dungeon (5/15)             Temple (0/1) D:5

Altars:
Kikubaaqudgha
Makhleb
Zin

Annotations:
D:3 1 runed translucent door, Crazy Yiuf


Innate Abilities, Weirdness & Mutations

You have a pair of horns on your head.
You reflexively headbutt those who attack you in melee.


Message History

Found a bubbling emerald potion.
The orc hits you with a +0 hand axe!
The orc priest mumbles some strange prayers to Beogh against you.
Pain shoots through your body!
You barely miss the orc. You barely miss the orc. You headbutt the orc!
You kill the orc!
Trog accepts your kill. The iguana barely misses you. You furiously retaliate!
You headbutt the iguana. The hound bites you.
Your skin crawls.
You feel strong-willed. The hound misses you. You furiously retaliate!
You headbutt the hound, but do no damage.
The iguana bites you! The hound closely misses you.
The orc priest closely misses you. The iguana attacks as it pursues you!
The iguana barely misses you. The hound barely misses you.
You see here a +0 hand axe.
You hit the iguana.
The iguana is heavily wounded.
The hound completely misses you. You furiously retaliate!
You headbutt the hound! The orc priest hits you with a +0 mace.
* * * LOW HITPOINT WARNING * * *
The iguana bites you!
* * * LOW HITPOINT WARNING * * *
A red film seems to cover your vision as you go berserk!
You feel yourself moving faster!
You feel mighty! The hound bites you.
* * * LOW HITPOINT WARNING * * *
The orc priest completely misses you. The iguana closely misses you.
The hound misses you.
You closely miss the iguana. Your headbutt misses the iguana.
The iguana is heavily wounded.
You closely miss the hound. You headbutt the hound!
You feel the power of Trog in you as your rage grows.
You kill the hound!
Trog accepts your kill. The orc priest hits you with a +0 mace!
* * * LOW HITPOINT WARNING * * *
The iguana bites you.
You die...

#..####...##.........
#............#...#...
#....[<...#.......#.
.....##..#.....>.....#.
##.........#.......#..
####.####...#...#... #.
###..%....# # ##.#†#.##
#.l@..# #.o#......#
............+
.!....#.......#
.......#.......#
........?.......
#....>...#.....#
....###..#.#####


You could see an iguana and an orc priest.

Vanquished Creatures
  Pikel (D:4)
  2 ogres (D:4)
  3 lemures (D:4)
  An orc priest (D:3)
  2 hounds
  Robin (D:4)
  5 adders
  A gnoll (D:1)
  A ribbon worm (D:3)
  A dart slug (D:1)
  10 orcs
  6 bats
  8 endoplasms
  4 giant cockroaches
  12 goblins
  8 hobgoblins
  4 jackals (D:2)
  2 quokkas
  7 ball pythons
  2 frilled lizards
  4 kobolds
  A rat (D:2)
86 creatures vanquished.

Notes
Turn   | Place    | Note
-------+----------+-------------------------------------------
     0 | D:1      | mooncake the Minotaur Berserker began the quest for the
                  | Orb.
     0 | D:1      | Reached XP level 1. HP: 19/19 MP: 0/0
    37 | D:1      | Reached XP level 2. HP: 17/27 MP: 1/1
   499 | D:1      | Reached XP level 3. HP: 30/33 MP: 2/2
   506 | D:1      | Reached ** piety under Trog
  1016 | D:2      | Found a burning altar of Makhleb.
  1230 | D:2      | Reached skill level 1 in Polearms
  1888 | D:3      | Found a glowing silver altar of Zin.
  1917 | D:3      | Found an ancient bone altar of Kikubaaqudgha.
  2097 | D:3      | Reached XP level 4. HP: 34/40 MP: 3/3
  2354 | D:3      | Found a runed translucent door.
  2355 | D:3      | Noticed Crazy Yiuf
  2438 | D:3      | Reached skill level 1 in Staves
  3110 | D:4      | Noticed a lemure
  3110 | D:4      | Noticed a lemure
  3138 | D:4      | Killed a lemure
  3142 | D:4      | Killed a lemure
  3207 | D:4      | Noticed a lemure
  3209 | D:4      | Noticed an ogre
  3238 | D:4      | Reached XP level 5. HP: 18/47 MP: 4/4
  3241 | D:4      | Killed a lemure
  3245 | D:4      | Killed an ogre
  3302 | D:4      | Noticed Pikel
  3320 | D:4      | Killed Pikel
  3321 | D:4      | Reached skill level 5 in Fighting
  3321 | D:4      | Reached skill level 5 in Polearms
  3321 | D:4      | Reached XP level 6. HP: 54/56 MP: 5/5
  3321 | D:4      | Reached XP level 7. HP: 59/61 MP: 6/6
  3527 | D:4      | Noticed Robin
  3537 | D:4      | Killed Robin
  4287 | D:5      | Entered Level 5 of the Dungeon
  4288 | D:5      | Found a staircase to the Ecumenical Temple.
  4309 | D:5      | HP: 2/91 [orc priest/+0 mace (9)]
  4309 | D:5      | Slain by an iguana

Illustrated notes

Levels and vault maps discovered:
D:1:      saegor_arrival_simple_c, layout_basic, serial_aquarium,
          aquarium_bridge_long_separate [aquarium_subvault_bridge,
          aquarium_subvault_wall, aquarium_subvault_balcony,
          aquarium_subvault_bridge, aquarium_subvault_wall,
          aquarium_subvault_bridge], aquarium_bridge_square
          [aquarium_subvault_balcony, aquarium_subvault_bridge,
          aquarium_subvault_window, aquarium_subvault_wall], aquarium_window_1,
          aquarium_window_fake, aquarium_window_1, aquarium_view_2a,
          aquarium_view_2c, aquarium_balcony_5a
D:2:      layout_loops_ring, basic_altar
D:3:      layout_loops_ring, mainiacjoe_overflow_tiny_flanked,
          kiku_gazebo_garden_becter, kennysheep_crisscross,
          uniq_crazy_yiuf_cottage
D:4:      layout_loops_cross, uniq_robin, uniq_pikel
D:5:      layout_basic, mainiacjoe_overflow_alcove_4, lemuel_crystal_altar,
          trog_wizard, minmay_temple_entry_sparse_star, nicolae_take_the_stairs

Skill      XL: |  1  2  3  4  5  6  7 |
---------------+----------------------+-----
Fighting       | 4 5 |  5.3
Long Blades    | 4 |  4.2
Polearms       | 1 2 5 |  5.9
Armour         | 3 4 |  4.4
Staves         | 1 2 3 |  3.2
Dodging        | 3 4 |  4.7

Action                     |  1- 3 |  4- 6 |  7- 9 || total
---------------------------+-------+-------+-------++-------
  Melee: Falchion          |     6 |       |       ||     6
         Headbutt          |     9 |     9 |    13 ||    31
         Spear             |    87 |    60 |    59 ||   206
         Punch             |       |       |     2 ||     2
 Invoke: Trog's Hand       |     1 |     2 |     1 ||     4
         Berserk           |       |     4 |     2 ||     6
   Stab: Sleeping          |     1 |       |       ||     1
 Armour: Animal skin       |    71 |       |       ||    71
         Skin              |     6 |    47 |    37 ||    90
  Dodge: Dodged            |   112 |    35 |    39 ||   186
